AoeStats
← 血刃

Nomad

510409986Analyzed
2v2 RM · 13h ago on Sep 30, 2026· 36m 26s· 4 players
Game mode
Random Map
Map size
176×176
Population
200
Speed
Normal
Resources
Standard
Victory
Conquest
Starting age
Dark Age
Ending age
Imperial Age
RankedLock teamsTeams togetherTeam positionsShared explorationLock speedFull tech treeHidden civsTurbo modeCheats
Victory
Defeat
🇧🇷 Franks · Brazil
1644
+14
🇲🇦 Bengalis · Morocco
1535
+18
🇩🇪 Koreans · Germany
1593
-16
🇩🇪 Slavs · Germany
1592
-16
SUDOX
4:49 Loom
13:40 Feudal Age
14:17 Double-Bit Axe
17:01 Forging
25:47 Castle Age
26:43 Medium Warships
28:28 Horse Collar
35:56 Imperial Age
33:28 Scale Mail Armor
34:38 Iron Casting
35:00 Pikeman
血刃
5:04 Loom
13:19 Feudal Age
17:30 Castle Age
16:58 Double-Bit Axe
22:48 Bow Saw
30:26 Fervor
30:36 Sanctity
32:49 Forging
32:45 Scale Barding Armor
36:42 Imperial Age
36:28 Husbandry
dodo3011
5:54 Loom
13:45 Feudal Age
17:28 Castle Age
15:53 Double-Bit Axe
16:01 Fishing Lines
18:41 Bow Saw
20:09 Wheelbarrow
19:34 Gillnets
21:23 Scale Barding Armor
21:29 Forging
21:11 Horse Collar
23:00 Heavy Plow
29:47 Imperial Age
27:40 Devotion
28:00 Town Watch
29:03 Husbandry
29:13 Bloodlines
30:04 Chain Barding Armor
31:42 Cavalier
32:03 Light Cavalry
Th1Raven
3:38 Loom
13:25 Feudal Age
14:12 Double-Bit Axe
17:18 Wheelbarrow
18:41 Fletching
23:25 Castle Age
24:36 Bow Saw
24:06 Horse Collar
33:25 Stone Mining
33:32 Gold Mining
Connection lost

Rejoining the realm…

Still unreachable

The connection could not be restored.

Session expired

The server has moved on; the page needs a fresh start.